 Dungeon Crawl Stone Soup version 0.20.1-1-g8b1a95d (webtiles) character file.

691149 Peloso the Minotaur Barricade (level 27, -4/191 HPs)
             Began as a Minotaur Fighter on July 15, 2017.
             Was the Champion of Okawaru.
             Killed from afar by an orb of fire (15 damage)
             ... with a fireball
             ... on level 5 of the Realm of Zot.
             The game lasted 05:10:02 (71744 turns).

Peloso the Minotaur Barricade (Minotaur Fighter)   Turns: 71744, Time: 05:10:02

Health: -4/191     AC: 38    Str: 44    XL:     27
Magic:  7/22       EV: 25    Int:  6    God:    Okawaru [******]
Gold:   5986       SH: 35    Dex: 15    Spells: 26/26 levels left

rFire    + + .     SeeInvis +   S - +11 scimitar "Coidefre" {flame, rN+ Str+2}
rCold    + + +     Gourm    .   c - +0 large shield of Articulation {*Drain rElec rC+ MR++}
rNeg     + . .     Faith    .   j - +6 chain mail of Fualiepn {rF+ Int+3 Slay+3}
rPois    +         Spirit   .   R - +0 mask of the Dragon {MR+ Slay+3 SInv}
rElec    +         Reflect  +   V - scarf {rC+ rF+}
rCorr    .         Harm     .   Q - +2 pair of gloves {Dex+3}
MR       +++++                  s - +0 pair of boots of Ejeybahi {Str+4}
Stlth    +.........             B - +4 amulet of reflection
Regen    0.5/turn               H - ring "Naemow" {rC+ AC+1 Str+6 Stlth+}
MPRegen  0.2/turn               D - +6 ring of protection

@: slowed, very slow
A: retaliatory headbutt, horns 2, molten scales 1, blurry vision 1, dopey 1,
frail 3, low mp 1, sense surroundings 1, poison resistance, screaming 1,
MP-powered wands
}: 3/15 runes: serpentine, barnacled, silver
a: Heroism, Finesse, Renounce Religion


You were on level 5 of the Realm of Zot.
You worshipped Okawaru.
Okawaru was exalted by your worship.
You were hungry.

You visited 10 branches of the dungeon, and saw 50 of its levels.
You visited 1 bazaar.
You also visited: Trove, Sewer, Ice Cave, Wizlab and Desolation.

You collected 9963 gold pieces.
You spent 3977 gold pieces at shops.

Inventory:

Hand Weapons
 i - a +4 double sword of slicing
 z - the cursed +1 broad axe "Gaec" {vamp, rPois, unknown}
   (You found it on level 1 of the Realm of Zot)

   It inflicts no extra harm, but heals its wielder when it wounds a living foe.
   It protects you from poison.
   It has a curse placed upon it.
 S - the +11 scimitar "Coidefre" (weapon) {flame, rN+ Str+2}
   (Okawaru gifted it to you on level 4 of the Vaults)

   It has been specially enchanted to burn those struck by it, causing extra
   injury to most foes and up to half again as much damage against particularly
   susceptible opponents.
   Big, fiery blades are also staple armaments of hydra-hunters.
   It affects your strength (+2).
   It protects you from negative energy.
 Z - the cursed +0 great sword "Puishrun" {slice, *Rage rC+ Int-3 Dex+7, unknown}
   (You found it on level 5 of the Realm of Zot)

   It inflicts extra damage upon your enemies.
   It affects your intelligence (-3).
   It affects your dexterity (+7).
   It protects you from cold.
   It may make you go berserk in combat.
   It has a curse placed upon it.
Armour
 c - the +0 large shield of Articulation (worn) {*Drain rElec rC+ MR++}
   (Okawaru gifted it to you in the Desolation of Salt)

   It protects you from cold.
   It insulates you from electricity.
   It affects your resistance to hostile enchantments.
   It causes draining when unequipped.
 j - the +6 chain mail of Fualiepn (worn) {rF+ Int+3 Slay+3}
   (You took it off an orc warrior on level 7 of the Dungeon)

   It affects your intelligence (+3).
   It affects your accuracy and damage with ranged weapons and melee attacks
   (+3).
   It protects you from fire.
 l - the +2 hat "Usoiq" {MR+ rCorr Str+4}
   (You found it in a treasure trove)

   It affects your strength (+4).
   It affects your resistance to hostile enchantments.
   It protects you from acid and corrosion.
 s - the +0 pair of boots of Ejeybahi (worn) {Str+4}
   (You found it on level 6 of the Lair of Beasts)

   It affects your strength (+4).
 G - +0 shadow dragon scales
 N - quicksilver dragon scales
 Q - a +2 pair of gloves of dexterity (worn)
 R - the +0 mask of the Dragon (worn) {MR+ Slay+3 SInv}
   (You bought it in a shop on level 4 of the Dungeon)

   It affects your accuracy and damage with ranged weapons and melee attacks
   (+3).
   It affects your resistance to hostile enchantments.
   It lets you see invisible.
 V - a scarf of resistance (worn)
Jewellery
 r - an uncursed ring of protection from magic
 t - the ring of the Butterfly {+Fly rN+ MR+ Slay+3}
   (You took it off a vampire mage on level 2 of the Vaults)

   [ring of flight]

   It affects your accuracy and damage with ranged weapons and melee attacks
   (+3).
   It protects you from negative energy.
   It affects your resistance to hostile enchantments.
   It lets you fly.
 A - a +6 amulet of reflection
 B - a +4 amulet of reflection (around neck)
 D - a +6 ring of protection (right hand)
 H - the ring "Naemow" (left hand) {rC+ AC+1 Str+6 Stlth+}
   (You bought it in a shop on level 2 of the Orcish Mines)

   [ring of protection]

   It affects your AC (+1).
   It affects your strength (+6).
   It protects you from cold.
   It makes you more stealthy.
 K - the amulet of Vitality {Regen+ HP+15}
   (You took it off a draconian knight on level 2 of the Realm of Zot)

   [amulet of regeneration]

   It affects your health (+15).
   It increases your rate of regeneration.
 Y - a cursed -2 ring of protection
Wands
 a - a wand of iceblast (7/15)
 b - a wand of flame (20/48)
 n - a wand of enslavement (8/24)
 w - a wand of flame (38/48)
 E - a wand of iceblast (5/15)
 U - a wand of polymorph (15/24)
 W - a wand of digging (18/24)
Scrolls
 k - 12 scrolls of identify
 m - 13 scrolls of remove curse
 u - 10 scrolls of teleportation
 v - 6 scrolls of fear
 y - 7 scrolls of magic mapping
 F - a scroll of summoning
 J - 12 scrolls of blinking
 T - 8 scrolls of recharging
Potions
 d - 14 potions of might
 e - 6 potions of agility
 g - 9 potions of flight
 o - 5 potions of heal wounds
 p - 4 potions of haste
 q - 33 potions of curing
 x - 6 potions of resistance
 I - 4 potions of invisibility
 P - 2 potions of berserk rage
 X - a potion of magic
Books
 L - the Incunabulum of Flying Toxins
   (You found it on level 3 of the Realm of Zot)

   Spells                             Type                      Level
   a - Poisonous Vapours              Poison/Air                   2
   b - Olgreb's Toxic Radiance        Poison                       4
   c - Lightning Bolt                 Conjuration/Air              5
   d - Conjure Ball Lightning         Conjuration/Air              6
Comestibles
 f - 31 bread rations
 h - 23 royal jellies
 C - 37 meat rations
 M - 42 fruits


   Skills:
 O Level 27 Fighting
 O Level 27 Long Blades
 + Level 24.5 Armour
 + Level 22.0 Dodging
 + Level 5.7 Stealth
 O Level 27 Shields
 + Level 3.7 Invocations
 + Level 4.0 Evocations


You had 26 spell levels left.
You didn't know any spells.

Dungeon Overview and Level Annotations

Branches:
Dungeon (15/15)            Temple (1/1) D:5            Lair (6/6) D:10
 Shoals (4/4) Lair:4        Snake (4/4) Lair:4        Slime (0/5) Lair:6
    Orc (2/2) D:10            Elf (3/3) Orc:2        Vaults (5/5) D:13
  Crypt (0/3) Vaults:2     Depths (5/5) D:15            Zot (5/5) Depths:5

Altars:
Ashenzari
Cheibriados
Dithmenos
Elyvilon
Fedhas
Gozag
Hepliaklqana
Kikubaaqudgha
Makhleb
Nemelex Xobeh
Okawaru
Qazlal
Ru
Sif Muna
Trog
Uskayaw
Vehumet
Xom
Yredelemnul
Zin
The Shining One
Beogh
Lugonu

Shops:
D:4 **!   D:6 }   D:11 }   D:12 [   Orc:1 :   Orc:2 =}?!:((!   Elf:3 [
Shoals:1 =   Shoals:2 }([(   Shoals:3 :   Shoals:4 [   Snake:2 ?[   Snake:3 *%*
Snake:4 ***(   Vaults:2 (   Depths:1 }}   Depths:4 (

Portals:
Hell: Depths:1 Depths:2 Depths:3 Depths:4 Depths:5
Abyss: Depths:3 Depths:4 Depths:5
Pandemonium: Depths:1 Depths:3
Ziggurat: Depths:4


Innate Abilities, Weirdness & Mutations

You reflexively headbutt those who attack you in melee.
You have a pair of horns on your head.
You are partially covered in molten scales. (AC +2)
Scrolls take you a little longer to read.
You are dopey. (Int -2)
You are extremely frail. (-30% HP)
Your magical capacity is low. (-10% MP)
You passively map a small area around you.
Your system is resistant to poisons. (rPois)
You occasionally shout uncontrollably at your foes.
You expend magic power (3 MP) to strengthen your wands.


Message History

Really walk into that permanent teleport trap?
You enter a permanent teleport trap!
Your surroundings suddenly seem different.
You found a permanent teleport trap!
The green draconian roars! x2
The orb of fire glows yellow.
The bolt of fire hits you! You resist.
* * * LOW HITPOINT WARNING * * *
You found a spear trap!
The purple draconian roars!
The black draconian breathes lightning at you.
The bolt of lightning misses you.
Unknown command.
Really walk into that permanent teleport trap?
You enter a permanent teleport trap!
Your surroundings suddenly seem different.
You found a needle trap!
The orb of fire glows bright magenta.
The fireball explodes!
The fireball engulfs you! You resist.
You die...

...............
*.................. ,
......*8......... *
...............▓**
▓▓....z##▓▓#▓▓▓▓▓▓▓▓#
##................[..#
##................##...
##.....^......^X....###.
#......@......X......###
#.....^........^.^...# #
#........^...........#
#....................#
#.......^.....^......#
#....................#
##......^...........##
##.......^........## #
##..............## #


You could see an orb of fire, an electric golem, a death cob and an Orb
Guardian.

Vanquished Creatures
  6 orbs of fire
  3 ancient liches
  Mennas (Depths:3)
  A juggernaut (Depths:5)
  Saint Roka (Depths:3)
  Bai Suzhen (Vaults:2)
  2 caustic shrikes (Depths:3)
  4 Killer Klowns
  3 golden dragons
  Nikola (Depths:3)
  2 curse toes
  A golden dragon (shapeshifter) (Vaults:5)
  A bone dragon (Vaults:4)
  2 electric golems (Zot:2)
  21 tentacled monstrosities
  A Cloud Mage (WizLab)
  A lich (Vaults:2)
  11 Orb Guardians (Zot:5)
  5 titans
  9 quicksilver dragons
  The ghost of toffzen the Warrior, an adept DDFi of Makhleb (Vaults:1)
  A deep elf master archer (Elf:3)
  2 deep elf blademasters (Elf:3)
  4 sphinxes
  An ancient champion (Vaults:2)
  2 krakens
  7 death cobs
  5 draconian monks
  11 shadow dragons
  8 tengu reavers
  14 storm dragons
  Ilsuiw (Shoals:4)
  The ghost of Nimbul the Unseen, an adept VSAs of Ashenzari (Elf:3)
  11 fire giants
  8 nagarajas
  A ghost moth (shapeshifter) (Depths:2)
  21 frost giants
  5 deep elf sorcerers
  18 vault wardens
  3 imperial myrmidons (Desolation)
  An iron dragon (Depths:3)
  2 orc warlords
  3 balrugs (Zot:4)
  6 draconian scorchers
  A caustic shrike zombie (Depths:2)
  6 ghost moths
  5 draconian shifters
  An emperor scorpion (shapeshifter) (Depths:4)
  A curse skull (Vaults:2)
  7 draconian knights
  48 very ugly things
  11 deep elf elementalists
  The ghost of SirMumm the Devastator, a journeyman GrWz of Okawaru (Elf:1)
  2 spriggan defenders
  A draconian stormcaller (Zot:3)
  15 ironheart preservers
  2 war gargoyles
  4 draconian annihilators
  26 stone giants
  The ghost of Energizer the Severer, a journeyman MiBe of Trog (Shoals:1)
  The ghost of loom the Fighter, a journeyman NaVM of Hepliaklqana (Lair:4)
  3 entropy weavers
  3 large abominations
  11 deep elf annihilators
  9 green draconians
  5 deep elf demonologists
  3 vampire knights
  A purple draconian (shapeshifter) (Zot:4)
  12 black draconians
  7 yellow draconians
  Azrael (Orc:2)
  14 red draconians
  10 white draconians
  7 spark wasps
  2 halazid warlocks (Desolation)
  7 purple draconians
  6 ettins
  Snorg (Lair:3)
  5 merfolk javelineers
  10 fire dragons
  A blizzard demon (Depths:1)
  Josephine (D:10)
  8 deep elf death magi
  8 merfolk impalers
  5 crystal guardians
  The ghost of Crag the Spear-Bearer, a journeyman NaSu of Cheibriados (D:11)
  7 ragged hierophants (Desolation)
  18 yaktaur captains
  10 great orbs of eyes
  12 deep elf high priests
  9 peacekeepers (Desolation)
  10 servants of whispers (Desolation)
  An ice dragon (shapeshifter) (Vaults:5)
  10 ice dragons
  46 vault guards
  11 rakshasas
  The ghost of Begomoth the Geomancer, a journeyman GrEE of Vehumet (IceCv)
  11 hydras
  20 naga warriors
  3 ghost crabs (Vaults:4)
  5 alligator snapping turtles
  A hell beast (Depths:1)
  11 centaur warriors
  4 death knights
  7 spriggan air magi
  3 merfolk avatars
  Erica (D:8)
  36 two-headed ogres
  35 dancing weapons
  6 merfolk aquamancers
  7 anacondas
  9 deep troll shamans
  9 ogre magi
  A satyr (Shoals:2)
  5 tengu warriors
  Urug (Lair:5)
  8 deep troll earth magi
  6 spriggan berserkers
  4 vampire magi
  4 shock serpents
  14 naga sharpshooters
  A titan skeleton (Vaults:4)
  17 deep elf knights
  Sonja (D:15)
  A sixfirhy (Depths:1)
  A soul eater (Depths:1)
  7 salamander mystics
  2 spriggans (Depths:3)
  10 iron trolls
  3 skeletal warriors (D:11)
  A torturous demonspawn (Depths:1)
  A storm dragon skeleton (Depths:2)
  A shadow wraith (Vaults:3)
  2 death drakes (shapeshifter)
  17 sea snakes
  2 storm dragon zombies
  4 hell knights
  3 unseen horrors
  44 deep trolls
  An obsidian statue (Depths:1)
  3 wizards
  3 lindwurms (Lair:6)
  8 naga ritualists (Snake:4)
  19 deep elf archers
  5 glowing orange brains
  30 ironbrand convokers
  7 flayed ghosts
  16 orc knights
  2 lindwurms (shapeshifter)
  Pikel (D:4)
  2 wolf spider zombies
  5 phantasmal warriors
  2 harpies (shapeshifter)
  13 salamanders
  8 mana vipers
  64 deep elf magi
  10 necromancers
  48 ugly things
  An oklob plant (Snake:1)
  A tengu skeleton (Vaults:4)
  An orc sorcerer (Vaults:5)
  2 orb spiders (shapeshifter)
  A shadow dragon skeleton (Vaults:4)
  2 shining eyes (shapeshifter) (Vaults:4)
  2 orb spiders (Zot:4)
  11 harpies
  A stone giant zombie (Vaults:4)
  7 wolf spiders
  A human zombie (Vaults:5)
  A cyclops (shapeshifter) (Vaults:2)
  9 fauns
  A frost giant zombie (Depths:2)
  22 moths of wrath
  10 cyclopes
  13 manticores
  A fire giant skeleton (Vaults:4)
  12 guardian serpents
  27 black mambas
  9 merfolk sirens
  A human skeleton (Vaults:4)
  Maurice (D:8)
  An ice statue (IceCv)
  10 torpor snails
  A spriggan zombie (Depths:1)
  20 naga magi
  A guardian serpent (shapeshifter) (Vaults:1)
  3 rust devils (Depths:1)
  4 water nymphs
  14 spiny frogs
  2 spiny frogs (shapeshifter)
  11 vault sentinels
  4 komodo dragons
  A komodo dragon (shapeshifter) (Vaults:5)
  26 freezing wraiths
  An elf skeleton (Vaults:4)
  7 rime drakes
  An elf zombie (Vaults:5)
  3 yaktaurs (shapeshifter)
  A kobold demonologist (Depths:3)
  44 yaktaurs
  5 trolls
  5 small abominations
  3 jumping spiders (Vaults:5)
  3 harpy zombies (Zot:4)
  41 merfolk
  2 jumping spiders (shapeshifter)
  3 trolls (shapeshifter)
  2 red devils (Depths:1)
  A shadow dragon simulacrum (Vaults:4)
  2 tengu conjurers
  14 polar bears
  2 golden dragon simulacra
  2 meliai (shapeshifter) (D:15)
  17 wind drakes
  12 hornets
  2 wind drakes (shapeshifter)
  A sphinx simulacrum (Depths:2)
  Prince Ribbit (D:8)
  3 meliai
  72 saltlings (Desolation)
  A hornet (shapeshifter) (D:15)
  A blink frog (shapeshifter) (D:15)
  3 tyrant leeches (Lair:6)
  2 dream sheep (shapeshifter)
  3 human simulacra
  24 slime creatures
  7 raiju
  17 blink frogs
  A raiju (shapeshifter) (Vaults:2)
  15 dream sheep
  11 hippogriffs
  An ettin zombie (Vaults:5)
  A fire giant simulacrum (Depths:2)
  45 air elementals
  7 snapping turtles
  2 spriggan skeletons (Depths:2)
  An ettin skeleton (Depths:2)
  4 fire elementals
  2 shadows
  Grum (D:8)
  30 water elementals
  12 redbacks
  A yak (shapeshifter) (Vaults:1)
  3 wyverns
  A basilisk (shapeshifter) (Vaults:3)
  4 hogs (D:7)
  8 wraiths
  44 yaks
  A human (shapeshifter) (Vaults:1)
  A human (D:7)
  3 basilisks
  4 hungry ghosts
  2 steam dragons (Shoals:3)
  7 vampire mosquitoes
  2 death yak simulacra (IceCv)
  4 insubstantial wisps (WizLab)
  18 wargs
  Menkaure (D:4)
  A warg (shapeshifter) (Elf:2)
  2 acid dragons
  A soldier ant (shapeshifter) (Vaults:2)
  77 nagas
  14 hell hounds
  6 porcupines
  20 water moccasins
  A water moccasin (shapeshifter) (Depths:2)
  A floating eye (Depths:4)
  65 orc warriors
  A slave (D:4)
  A necrophage (D:9)
  An ice beast (shapeshifter) (Vaults:1)
  An eye of draining (D:12)
  14 black bears
  4 phantoms
  10 ice beasts
  7 sky beasts
  A centaur (shapeshifter) (Vaults:5)
  33 wolves
  22 centaurs
  8 boggarts
  9 crocodiles
  47 ogres
  2 elf simulacra
  2 earth elementals
  A gnoll sergeant (D:11)
  6 big kobolds
  13 bullfrogs
  A wyvern zombie (D:12)
  4 scorpions
  15 killer bees
  2 elephant simulacra (IceCv)
  A killer bee (shapeshifter) (Depths:1)
  10 wights
  An electric eel (Snake:2)
  6 howler monkeys
  13 crimson imps
  A lava snake (D:10)
  3 draconian simulacra (IceCv)
  2 quasits (Depths:1)
  10 hounds
  13 jellies
  5 centaur skeletons
  A gnoll shaman (D:11)
  25 orc priests
  5 bullfrog skeletons
  3 centaur zombies
  27 orc wizards
  8 iron imps (Depths:1)
  4 iguanas
  6 hell rats (Lair:4)
  2 spriggan simulacra (IceCv)
  14 worker ants
  7 troll simulacra (IceCv)
  A killer bee zombie (D:9)
  3 centaur simulacra (IceCv)
  A hound zombie (D:8)
  2 hound skeletons
  A worker ant zombie (D:5)
  Robin (D:2)
  4 gnolls (D:11)
  A gnoll (shapeshifter) (Elf:3)
  3 ogre simulacra (IceCv)
  19 adders
  2 naga simulacra (IceCv)
  7 river rats
  8 shadow imps
  17 white imps
  An ooze (D:2)
  2 adder zombies
  3 worms
  4 dart slugs
  9 leopard geckos
  106 orcs
  3 ball pythons
  5 giant cockroaches
  16 goblins
  8 hobgoblins
  9 jackals
  35 kobolds
  8 quokkas
  4 bats
  3 frilled lizards
  A quokka skeleton (D:7)
  A quokka zombie (D:7)
  27 rats
  7 crawling corpses
  A fungus (D:10)
  21 plants
  A tentacle (Shoals:2)
2884 creatures vanquished.

Vanquished Creatures (others)
  3 deep elf master archers (Elf:3)
  A vault warden (Vaults:5)
  8 stone giants
  A very ugly thing (Depths:3)
  3 merfolk javelineers (Shoals:4)
  2 yaktaur captains
  2 centaur warriors
  A merfolk aquamancer (Shoals:3)
  A satyr (Shoals:2)
  4 naga sharpshooters
  3 deep elf knights
  4 deep elf archers
  2 deep elf magi
  A faun (Shoals:2)
  4 cyclopes
  20 yaktaurs
  2 wind drakes (WizLab)
  A wraith (Vaults:3)
  A warg (Vaults:4)
  3 insubstantial wisps (WizLab)
  A naga (Snake:3)
  An orc warrior (Depths:3)
  2 slaves (D:4)
  An ogre (Vaults:4)
  7 centaurs
  2 crimson imps (Depths:1)
  An orc priest (D:4)
  2 orc wizards (D:4)
  A white imp (Depths:1)
  A leopard gecko (D:4)
  5 orcs
  A crawling corpse (Vaults:5)
  3 fungi
  24 plants
  8 tentacles
127 creatures vanquished.

Grand Total: 3011 creatures vanquished

Notes
Turn   | Place    | Note
-------+----------+-------------------------------------------
     0 | D:1      | Peloso the Minotaur Fighter began the quest for the Orb.
     0 | D:1      | Reached XP level 1. HP: 19/19 MP: 0/0
   185 | D:1      | Reached XP level 2. HP: 23/27 MP: 1/1
   405 | D:1      | Reached XP level 3. HP: 33/33 MP: 2/2
   406 | D:1      | Gained mutation: You evolve. [potion of mutation]
   406 | D:1      | Gained mutation: Your system is resistant to poisons. (rPois) [potion of mutation]
   406 | D:1      | Gained mutation: You are agile. (Dex +2) [potion of mutation]
   533 | D:2      | Noticed Robin
   595 | D:2      | Killed Robin
   612 | D:2      | Reached XP level 4. HP: 20/40 MP: 3/3
   754 | D:2      | Found a burning altar of Makhleb.
   778 | D:2      | Found a glowing golden altar of the Shining One.
  1447 | D:3      | Found a glowing drain.
  1484 | Sewer    | Entered a sewer
  1523 | Sewer    | Reached XP level 5. HP: 18/47 MP: 4/4
  1793 | Sewer    | Reached skill level 5 in Armour
  2090 | Sewer    | Reached skill level 5 in Long Blades
  2090 | Sewer    | Reached skill level 1 in Dodging
  2090 | Sewer    | Reached XP level 6. HP: 44/53 MP: 5/5
  2103 | Sewer    | Gained mutation: You possess an exceptional clarity of mind. [evolution]
  2591 | D:3      | Found a radiant altar of Vehumet.
  2941 | D:4      | Noticed Menkaure
  2950 | D:4      | Killed Menkaure
  3203 | D:4      | Noticed a slave
  3212 | D:4      | Noticed a slave
  3213 | D:4      | Noticed Pikel
  3214 | D:4      | Noticed a slave
  3214 | D:4      | Killed a slave
  3215 | D:4      | Noticed a slave
  3250 | D:4      | Killed Pikel
  3250 | D:4      | Reached skill level 5 in Fighting
  3250 | D:4      | Reached skill level 5 in Shields
  3250 | D:4      | Reached XP level 7. HP: 26/61 MP: 6/6
  3283 | D:4      | Found Numeiff's Assorted Antiques.
  3287 | D:4      | Found Yhofopox's Distillery.
  3297 | D:4      | Got a polished ring mail
  3308 | D:4      | Identified the +2 ring mail of Sorcery {Str+4} (You found it on level 4 of the Dungeon)
  3381 | D:4      | Bought a potion of curing for 42 gold pieces
  3489 | D:4      | Reached XP level 8. HP: 59/69 MP: 7/7
  3505 | D:4      | Found Fufixuin's Assorted Antiques.
  3517 | D:4      | Bought a runed long sword for 110 gold pieces
  3600 | D:4      | Found a shadowy altar of Dithmenos.
  3804 | D:5      | Entered Level 5 of the Dungeon
  3812 | D:5      | Lost mutation: You possess an exceptional clarity of mind. [evolution]
  4173 | D:5      | Reached skill level 1 in Stealth
  4180 | D:5      | Found a staircase to the Ecumenical Temple.
  4187 | Temple   | Entered the Ecumenical Temple
  4205 | Temple   | Became a worshipper of Warmaster Okawaru
  4640 | D:6      | Reached * piety under Okawaru
  4683 | D:6      | Reached XP level 9. HP: 77/78 MP: 8/8
  4741 | D:6      | Found a white marble altar of Elyvilon.
  4797 | D:6      | Found a sacrificial altar of Ru.
  4830 | D:6      | Found a bloodstained altar of Trog.
  4884 | D:6      | Found Qyess's Gadget Emporium.
  5008 | D:6      | Got a scorched cloak
  5014 | D:6      | Identified the cursed +0 cloak of the Poles {rC+} (You found it on level 6 of the Dungeon)
  5051 | D:6      | Found a basalt altar of Yredelemnul.
  5053 | D:6      | Found a sparkling altar of Nemelex Xobeh.
  5053 | D:6      | Found a hazy altar of Hepliaklqana.
  5056 | D:6      | Found a shimmering altar of Xom.
  5056 | D:6      | Found a blossoming altar of Fedhas.
  5056 | D:6      | Found a shattered altar of Ashenzari.
  5155 | D:6      | Reached skill level 10 in Long Blades
  5614 | D:7      | Reached ** piety under Okawaru
  5616 | D:7      | Got an encrusted chain mail
  5631 | D:7      | Identified the +6 chain mail of Fualiepn {rF+ Int+3 Slay+3} (You took it off an orc warrior on level 7 of the Dungeon)
  5658 | D:7      | Found a hazy altar of Hepliaklqana.
  5658 | D:7      | Noticed a deep elf mage
  5664 | D:7      | Killed a deep elf mage
  5711 | D:7      | Lost mutation: You are agile. (Dex +2) [evolution]
  5750 | D:7      | Killed an unseen horror
  5750 | D:7      | Reached XP level 10. HP: 31/88 MP: 7/9
  6109 | D:7      | Reached *** piety under Okawaru
  6334 | D:7      | Noticed a cyclops
  6334 | D:7      | Noticed a two-headed ogre
  6347 | D:7      | Killed a two-headed ogre
  6348 | D:7      | Killed a cyclops
  6355 | D:7      | Gained mutation: You passively map a small area around you. [evolution]
  6446 | D:7      | Got an ichor-stained broad axe
  6779 | D:8      | Noticed Erica
  6785 | D:8      | Killed Erica
  6785 | D:8      | Reached **** piety under Okawaru
  6854 | D:8      | Noticed Grum
  6860 | D:8      | Killed Grum
  6910 | D:8      | Found a glowing silver altar of Zin.
  6910 | D:8      | Noticed an angel
  6941 | D:8      | Found an ancient bone altar of Kikubaaqudgha.
  6942 | D:8      | Found a blossoming altar of Fedhas.
  7067 | D:8      | Noticed a two-headed ogre
  7079 | D:8      | Killed a two-headed ogre
  7079 | D:8      | Reached XP level 11. HP: 61/97 MP: 10/10
  7081 | D:8      | Noticed Prince Ribbit
  7087 | D:8      | Killed Prince Ribbit
  7090 | D:8      | Noticed Maurice
  7097 | D:8      | Killed Maurice
  7097 | D:8      | Reached ***** piety under Okawaru
  7815 | D:9      | Reached skill level 10 in Shields
  7860 | D:9      | Reached skill level 5 in Dodging
  7944 | D:9      | Found a hide-covered altar of Uskayaw.
  8168 | D:10     | Entered Level 10 of the Dungeon
  8250 | D:10     | Received a gift from Okawaru
  8420 | D:10     | Found a staircase to the Lair.
  8511 | D:10     | Reached skill level 10 in Fighting
  8624 | D:10     | Found a staircase to the Orcish Mines.
  9264 | D:11     | Noticed Josephine
  9309 | D:10     | Killed Josephine
  9310 | D:10     | Received a gift from Okawaru
  9569 | D:11     | Noticed a six-headed hydra
  9570 | D:11     | Found Wyamifru's Gadget Shop.
  9576 | D:11     | Killed a two-headed hydra
  9576 | D:11     | Reached XP level 12. HP: 81/107 MP: 11/11
  9608 | D:11     | Noticed a two-headed ogre
  9614 | D:11     | Killed a two-headed ogre
  9642 | D:11     | Reached skill level 10 in Armour
  9679 | D:11     | Noticed a two-headed ogre
  9684 | D:11     | Killed a two-headed ogre
  9747 | D:11     | Noticed Crag's ghost (journeyman NaSu)
  9778 | D:11     | Killed Crag's ghost
  9778 | D:11     | Reached ****** piety under Okawaru
 10288 | D:11     | Noticed a seven-headed hydra
 10294 | D:11     | Killed a four-headed hydra
 10741 | D:4      | Bought the +0 mask of the Dragon {MR+ Slay+3 SInv} for 567 gold pieces
 11011 | D:12     | Gained mutation: You are agile. (Dex +2) [evolution]
 11261 | D:12     | Found Tiyfu's Armour Shop.
 11307 | D:12     | Noticed a two-headed ogre
 11312 | D:12     | Killed a two-headed ogre
 11916 | D:10     | Noticed a two-headed ogre
 11922 | D:10     | Killed a two-headed ogre
 11949 | Lair:1   | Entered Level 1 of the Lair of Beasts
 12361 | Lair:1   | Reached XP level 13. HP: 116/116 MP: 12/12
 12666 | Lair:2   | Received a gift from Okawaru
 12985 | Lair:2   | Got a smoking shield
 12996 | Lair:2   | Identified the +3 shield "Luzarotz" {rN+} (You found it on level 2 of the Lair of Beasts)
 13027 | Lair:2   | Reached skill level 15 in Long Blades
 13431 | Lair:3   | Gained mutation: Scrolls take you a little longer to read. [evolution]
 13471 | Lair:3   | Noticed Snorg
 13485 | Lair:3   | Killed Snorg
 13486 | Lair:3   | Received a gift from Okawaru
 14380 | Lair:4   | Found a staircase to the Shoals.
 14410 | Lair:4   | Received a gift from Okawaru
 14418 | Lair:4   | Identified a scroll of acquirement
 14497 | Lair:4   | Got a pitted rapier
 14500 | Lair:4   | Found a staircase to the Snake Pit.
 14658 | Lair:4   | Noticed loom's ghost (journeyman NaVM)
 14679 | Lair:4   | Killed loom's ghost
 15354 | Lair:4   | Got an ichor-stained mace
 15389 | Lair:5   | Noticed Urug
 15403 | Lair:5   | Killed Urug
 15729 | Lair:5   | Received a gift from Okawaru
 15953 | Lair:5   | Reached XP level 14. HP: 127/127 MP: 13/13
 16086 | Lair:6   | Entered Level 6 of the Lair of Beasts
 16246 | Lair:6   | Found a frozen archway.
 16257 | Lair:6   | Reached skill level 15 in Shields
 16264 | IceCv    | Entered an ice cave
 16559 | IceCv    | Noticed Begomoth's ghost (journeyman GrEE)
 16576 | IceCv    | Received a gift from Okawaru
 16643 | IceCv    | Killed Begomoth's ghost
 16927 | IceCv    | Found an ancient bone altar of Kikubaaqudgha.
 17910 | Lair:6   | Found a runed door.
 18053 | Lair:6   | Received a gift from Okawaru
 18407 | Lair:6   | Gained mutation: You are partially covered in molten scales. (AC +2) [evolution]
 18407 | Lair:6   | Lost mutation: You evolve. [end of evolution]
 18724 | Lair:6   | Identified the +5 mace of Tiabysid {distort, +Fly Str+3 Dex+2} (You found it on level 4 of the Lair of Beasts)
 18755 | Lair:6   | Got a pair of ancient boots
 18761 | Lair:6   | Identified the +0 pair of boots of Ejeybahi {Str+4} (You found it on level 6 of the Lair of Beasts)
 18893 | Lair:6   | Found a staircase to the Slime Pits.
 19328 | Lair:1   | Identified the +9 rapier "Debriep" {pierce, rC+ Dex+4} (You found it on level 4 of the Lair of Beasts)
 19635 | D:13     | Found a portal to a secret trove of treasure.
 19653 | D:13     | Found a gate to the Vaults.
 19667 | D:13     | Received a gift from Okawaru
 19667 | D:13     | Reached XP level 15. HP: 121/137 MP: 14/14
 19961 | D:13     | Received a gift from Okawaru
 21297 | D:14     | Received a gift from Okawaru
 21518 | D:15     | Entered Level 15 of the Dungeon
 21533 | D:15     | Noticed Sonja
 21738 | D:15     | Killed Sonja
 21952 | D:15     | Found a staircase to the Depths.
 22115 | D:15     | Found a snail-covered altar of Cheibriados.
 22118 | D:15     | Received a gift from Okawaru
 22840 | Orc:1    | Entered Level 1 of the Orcish Mines
 23082 | Orc:1    | Found Ihil's Book Boutique.
 23245 | Orc:2    | Entered Level 2 of the Orcish Mines
 23247 | Orc:2    | Noticed Azrael
 23282 | Orc:2    | Killed Azrael
 23326 | Orc:2    | Found Eviph's Distillery.
 23552 | Orc:2    | Found a roughly hewn altar of Beogh.
 23769 | Orc:2    | Found Qoghoz's Gadget Shop.
 23769 | Orc:2    | Found Gulankurph's Magic Scroll Shoppe.
 23786 | Orc:2    | Bought a scroll of teleportation for 39 gold pieces
 23786 | Orc:2    | Bought a scroll of identify for 26 gold pieces
 23786 | Orc:2    | Bought a scroll of enchant weapon for 97 gold pieces
 23896 | Orc:2    | Found Zill's Antique Weapon Shop.
 23896 | Orc:2    | Found Soublal's Antique Weapon Shoppe.
 23922 | Orc:2    | Bought a shimmering long sword for 229 gold pieces
 23922 | Orc:2    | Identified the cursed +3 long sword "Aliffif" {slice, rC+ rN+ Int-4 Dex+7} (You bought it in a shop on level 2 of the Orcish Mines)
 23932 | Orc:2    | Bought a pitted scimitar for 234 gold pieces
 23932 | Orc:2    | Bought an encrusted long sword for 221 gold pieces
 23935 | Orc:2    | Identified the cursed +1 long sword of Optimality {flame, -Tele rElec rN+ MR+} (You bought it in a shop on level 2 of the Orcish Mines)
 23938 | Orc:2    | Identified the +5 scimitar "Alone" {slice, Int+4} (You bought it in a shop on level 2 of the Orcish Mines)
 23971 | Orc:2    | Found Utoeb's Distillery.
 23978 | Orc:2    | Found a shimmering altar of Xom.
 23991 | Orc:2    | Bought a potion of might for 64 gold pieces
 24009 | Orc:2    | Found a staircase to the Elven Halls.
 24062 | Orc:2    | Reached XP level 16. HP: 147/147 MP: 15/15
 24126 | Orc:2    | Found Plog's Jewellery Shop.
 24134 | Orc:2    | Bought the ring "Naemow" {rC+ AC+1 Str+6 Stlth+} for 550 gold pieces
 24203 | Orc:2    | Found Suonepp's Book Emporium.
 24553 | Orc:1    | Received a gift from Okawaru
 25034 | Elf:1    | Entered Level 1 of the Elven Halls
 25082 | Elf:1    | Found a ruined gateway.
 25099 | Desolati | Entered the Desolation of Salt
 25156 | Desolati | Reached skill level 15 in Fighting
 25562 | Desolati | Got a steaming turquoise ring
 25598 | Desolati | Identified the ring of Kajaruun {*Tele Str+5 Dex-5 Slay+5 SInv} (You found it in the Desolation of Salt)
 25890 | Desolati | Received a gift from Okawaru
 25902 | Desolati | Got a faintly humming large shield {god gift}
 25927 | Desolati | Identified the +0 large shield of Articulation {*Drain rElec rC+ MR++} (Okawaru gifted it to you in the Desolation of Salt)
 26143 | Desolati | Reached skill level 1 in Invocations
 26566 | Desolati | Got an ichor-stained short sword
 26569 | Desolati | Got an encrusted short sword
 26576 | Desolati | Got a dazzling ring mail
 26580 | Desolati | Got a warped ring mail
 26582 | Desolati | Got a smoking ring mail
 26790 | Desolati | Identified Weduuts's Volume of the Shifting Volcanoes
 26795 | Desolati | Got a twitching wooden ring
 26804 | Desolati | Identified the ring "Udduw" {MP+9 Stlth+} (You found it in the Desolation of Salt)
 26991 | Desolati | Identified the Catalogue of Slavery
 27323 | Elf:1    | Identified the +2 ring mail "Yssuklos" {rPois rCorr Dex+2} (You found it in the Desolation of Salt)
 27335 | Elf:1    | Identified the +4 ring mail of New Discoveries {+Blink rC+ Str+5} (You found it in the Desolation of Salt)
 27348 | Elf:1    | Identified the +2 ring mail "Liamoong" {+Inv rElec} (You found it in the Desolation of Salt)
 27363 | Elf:1    | Identified the +9 short sword "Girobb" {pierce, +Blink} (You found it in the Desolation of Salt)
 27364 | Elf:1    | Identified the +11 short sword of Defiance {freeze, rPois rF+} (You found it in the Desolation of Salt)
 27414 | Elf:1    | Reached XP level 17. HP: 155/157 MP: 16/16
 27441 | Elf:1    | Received a gift from Okawaru
 27451 | Elf:1    | Noticed SirMumm's ghost (journeyman GrWz)
 27466 | Elf:1    | Killed SirMumm's ghost
 28205 | Elf:2    | Found a flickering gateway to a bazaar.
 28214 | Bazaar   | Entered a bazaar
 28216 | Bazaar   | Found Yreoca's Gadget Shop.
 28221 | Bazaar   | Found Ufulosae's Antique Armour Boutique.
 28227 | Bazaar   | Found Medi's Antique Weapon Emporium.
 28236 | Bazaar   | Found Yhaip's Gadget Shoppe.
 28432 | Elf:2    | Received a gift from Okawaru
 28523 | Elf:2    | Found a runed gate.
 28523 | Elf:2    | Found a runed gate.
 28524 | Elf:2    | Found a runed gate.
 29077 | Elf:2    | Received a gift from Okawaru
 29388 | Elf:2    | Reached skill level 15 in Armour
 29472 | Elf:2    | Received a gift from Okawaru
 30131 | Elf:3    | Entered Level 3 of the Elven Halls
 30157 | Elf:3    | Noticed Nimbul's ghost (adept VSAs)
 30185 | Elf:3    | Killed Nimbul's ghost
 30254 | Elf:3    | Found Zoips's Antique Armour Boutique.
 30348 | Elf:3    | Reached XP level 18. HP: 138/168 MP: 18/18
 30545 | Elf:3    | Received a gift from Okawaru
 30892 | Elf:3    | Reached skill level 10 in Dodging
 31322 | Elf:3    | Received a gift from Okawaru
 31420 | Elf:3    | Got a translucent lapis lazuli ring
 31423 | Elf:3    | Got a jewelled halberd {elec}
 31504 | Elf:3    | Got a shimmering mace {speed}
 31504 | Elf:3    | Got a translucent flail {crush}
 31504 | Elf:3    | Got an encrusted plate armour {god gift}
 31514 | Elf:3    | Identified the +1 plate armour of Abstinence {MR+++ Int-4 Dex-2 SInv} (Okawaru gifted it to you on level 3 of the Elven Halls)
 31514 | Elf:3    | Lost intelligence.
 32121 | Lair:1   | Identified the +10 mace "Ojyutaff" {speed, Stlth+} (You took it off a deep elf elementalist on level 3 of the Elven Halls)
 32141 | Lair:1   | Identified the ring of Fedhas's Anger {rC+ Str+3 Int+2 Dex-4} (You took it off a deep elf mage on level 3 of the Elven Halls)
 32332 | Snake:1  | Entered Level 1 of the Snake Pit
 32383 | Snake:1  | Found a shimmering altar of Xom.
 33322 | Snake:1  | Reached XP level 19. HP: 177/177 MP: 19/19
 33387 | Snake:2  | Found Fuewiev's Armour Shoppe.
 33522 | Snake:2  | Found Roemuu's Magic Scroll Shoppe.
 33557 | Snake:2  | Bought a scroll of magic mapping for 59 gold pieces
 33557 | Snake:2  | Bought a scroll of enchant armour for 127 gold pieces
 34190 | Snake:3  | Found Dottua's Food Boutique.
 34341 | Snake:3  | Received a gift from Okawaru
 34368 | Snake:3  | Found Ikasm's Assorted Antiques.
 34375 | Snake:3  | Bought a scroll of magic mapping for 91 gold pieces
 34375 | Snake:3  | Bought a peridot ring for 130 gold pieces
 34375 | Snake:3  | Bought 3 scrolls of enchant weapon for 585 gold pieces
 34375 | Snake:3  | Bought a scroll of enchant armour for 195 gold pieces
 34375 | Snake:3  | Bought a scroll of magic mapping for 91 gold pieces
 34457 | Snake:3  | Found Zoicly's Assorted Antiques.
 34917 | Shoals:1 | Entered Level 1 of the Shoals
 34956 | Shoals:1 | Found Biydeic's Jewellery Emporium.
 35047 | Shoals:1 | Received a gift from Okawaru
 35344 | Shoals:1 | Noticed Energizer's ghost (journeyman MiBe)
 35351 | Shoals:1 | Killed Energizer's ghost
 35768 | Shoals:2 | Found Memnog's Gadget Emporium.
 35822 | Shoals:2 | Bought a wand of digging (16/24) for 520 gold pieces
 35946 | Shoals:2 | Found Maxumoam's Antique Armour Emporium.
 35956 | Shoals:2 | Found Beaddentar's Antique Weapon Shop.
 35983 | Shoals:2 | Found Xunwud's Antique Weapon Shop.
 36196 | Shoals:2 | Got a faintly glowing war axe
 36412 | Shoals:3 | Found Umanlul's Book Shoppe.
 37046 | Shoals:4 | Entered Level 4 of the Shoals
 37281 | Shoals:4 | Found Puvvuczam's Armour Shop.
 38106 | Shoals:4 | Reached XP level 20. HP: 177/187 MP: 20/20
 38492 | Shoals:4 | Noticed Ilsuiw
 38534 | Shoals:4 | Killed Ilsuiw
 38551 | Shoals:4 | Received a gift from Okawaru
 39447 | Shoals:4 | Got a barnacled rune of Zot
 40059 | Snake:4  | Entered Level 4 of the Snake Pit
 40291 | Snake:4  | Found a deep blue altar of Sif Muna.
 40296 | Snake:4  | Got a jewelled plate armour
 40335 | Snake:3  | Identified the +3 plate armour of Noughts and Crosses {Str+4 Dex+4} (You found it on level 4 of the Snake Pit)
 40440 | Snake:4  | Found Uprur's Weapon Shop.
 40440 | Snake:4  | Found Hidiy's General Store.
 40441 | Snake:4  | Found Raogh's General Store.
 40443 | Snake:4  | Found Uckir's Assorted Antiques.
 40667 | Snake:4  | Reached skill level 1 in Evocations
 41506 | Snake:4  | Received a gift from Okawaru
 42686 | Snake:4  | Got a serpentine rune of Zot
 43185 | Vaults:1 | Entered Level 1 of the Vaults
 43256 | Vaults:1 | Reached XP level 21. HP: 163/196 MP: 21/21
 43483 | Vaults:1 | Noticed toffzen's ghost (adept DDFi)
 43502 | Vaults:1 | Killed toffzen's ghost
 44298 | Vaults:1 | Received a gift from Okawaru
 44577 | Vaults:2 | Noticed Bai Suzhen
 44625 | Vaults:2 | Reached skill level 27 in Shields
 44666 | Vaults:2 | Killed Bai Suzhen
 45220 | Vaults:2 | Got a scorched glass ring
 45221 | Vaults:2 | Got a transparent mace {protect}
 45227 | Vaults:2 | Identified the +2 mace "Minotaur's Curse" {protect, Str+6 Dex+4} (You took it off a vampire mage on level 2 of the Vaults)
 45239 | Vaults:2 | Got a faintly glowing bronze ring
 45244 | Vaults:2 | Got a coiled platinum amulet
 45403 | Vaults:2 | Got a pitted silver ring
 45414 | Vaults:2 | Identified Qoetta Ojoti's Catalogue of Dark Secrets and the Arsonist
 45444 | Vaults:2 | Identified the ring of the Butterfly {+Fly rN+ MR+ Slay+3} (You took it off a vampire mage on level 2 of the Vaults)
 45446 | Vaults:2 | Identified the ring "Gyvutri" {rF+ Int-3 Dex+5} (You took it off a vault sentinel on level 2 of the Vaults)
 45448 | Vaults:2 | Identified the amulet "Ibits" {RegenMP rElec Dex+4} (You took it off a vault sentinel on level 2 of the Vaults)
 45450 | Vaults:2 | Identified the ring "Hecut" {MR+++ Str+4 Dex-3} (You found it on level 2 of the Vaults)
 45541 | Vaults:2 | Received a gift from Okawaru
 45843 | Vaults:2 | Found Foren's Weapon Shop.
 46209 | Vaults:2 | Found a staircase to the Crypt.
 46252 | Vaults:2 | Reached XP level 22. HP: 158/209 MP: 22/22
 46609 | Vaults:2 | Got a scorched chain mail
 46921 | Vaults:2 | Received a gift from Okawaru
 46994 | Vaults:2 | Identified the cursed +1 chain mail "Gaom" {rN++ Regen+ Slay+4} (You found it on level 2 of the Vaults)
 47790 | Vaults:3 | Found a magical portal.
 47799 | WizLab   | Entered The Chambers of the Cloud Mage
 48287 | WizLab   | Got a crude golden ring
 48300 | WizLab   | Identified the Tome of Air
 48309 | WizLab   | Identified the Compendium of Air
 48338 | WizLab   | Identified the ring "Ditemm" {+Fly rPois MR+} (You found it in a wizard's laboratory)
 49666 | Vaults:4 | Received a gift from Okawaru
 50294 | Vaults:4 | Reached XP level 23. HP: 222/222 MP: 23/23
 50522 | Vaults:4 | Received a gift from Okawaru
 50569 | Vaults:4 | Identified the Guide on Dark Arts
 51495 | Vaults:5 | Entered Level 5 of the Vaults
 52623 | Vaults:4 | Received a gift from Okawaru
 52626 | Vaults:4 | Got a crystal scimitar {god gift}
 52627 | Vaults:4 | Identified the +11 scimitar "Coidefre" {flame, rN+ Str+2} (Okawaru gifted it to you on level 4 of the Vaults)
 53569 | Vaults:5 | Received a gift from Okawaru
 53726 | Vaults:4 | Reached XP level 24. HP: 181/233 MP: 22/23
 53876 | Vaults:5 | Noticed an ancient lich
 53887 | Vaults:5 | Killed an ancient lich
 54042 | Vaults:5 | Got an ancient morningstar {crush}
 54171 | Vaults:5 | Received a gift from Okawaru
 54295 | Vaults:5 | Got a bound ivory ring
 54311 | Vaults:4 | Identified the ring of Cheibriados's Envy {*Slow rElec rC++ MR+ Str+5} (You took it off a frost giant on level 5 of the Vaults)
 56118 | Vaults:5 | Received a gift from Okawaru
 56178 | Vaults:5 | Got fine fire dragon scales
 56265 | Vaults:5 | Got a pair of polished gloves
 56391 | Vaults:5 | Identified the +0 pair of gloves of Beauty {Regen+ Int+2 Slay+3} (You found it on level 5 of the Vaults)
 56545 | Vaults:5 | Got a silver rune of Zot
 56696 | Vaults:5 | Identified the +1 fire dragon scales "Paufit" {*Drain rF++ rC- Int+2 Dex+7} (You found it on level 5 of the Vaults)
 56926 | Depths:1 | Entered Level 1 of the Depths
 57127 | Depths:1 | Found a one-way gate leading to the halls of Pandemonium.
 57192 | Depths:1 | Found Miepp's Gadget Emporium.
 57193 | Depths:1 | Found Liel's Jewellery Boutique.
 57194 | Depths:1 | Found Atairul's Gadget Emporium.
 57373 | Depths:1 | Found a sparkling altar of Nemelex Xobeh.
 57686 | Depths:1 | Found a gateway to Hell.
 58302 | Depths:2 | Received a gift from Okawaru
 58461 | Depths:2 | Got a transparent iron ring
 58466 | Depths:2 | Identified the ring "Qisashruy" {rC++ Stlth+} (You found it on level 2 of the Depths)
 58497 | Depths:2 | Received a gift from Okawaru
 58584 | Depths:2 | Reached XP level 25. HP: 189/244 MP: 24/24
 59069 | Depths:2 | Found a snail-covered altar of Cheibriados.
 59084 | Depths:2 | Identified the Handbook of Hurtful Snow
 59872 | D:13     | You paid a toll of +3 ice dragon scales to enter a treasure trove
 59873 | Trove    | Entered a treasure trove
 59891 | Trove    | Got a twisted scarf
 59896 | Trove    | Got a bloodstained hat
 59898 | Trove    | Got a faintly humming cloak
 59901 | Trove    | Got a pair of bloodstained boots
 59903 | Trove    | Got a pair of translucent gloves
 59911 | Trove    | Got a pitted plate armour
 59930 | Trove    | Identified the scarf "Zuuts" {-Tele rPois Int+7 Dex+3} (You found it in a treasure trove)
 59948 | Trove    | Identified the +1 plate armour of the Desert {rPois Int+3} (You found it in a treasure trove)
 59964 | Trove    | Identified the +2 hat "Usoiq" {MR+ rCorr Str+4} (You found it in a treasure trove)
 59980 | Trove    | Identified the +1 pair of gloves "Omisir" {*Drain Int+2 Stlth+} (You found it in a treasure trove)
 59992 | Trove    | Identified the +2 cloak of Lenn {*Drain MR+ Int+4} (You found it in a treasure trove)
 60028 | Trove    | Identified the +1 pair of boots "Mingodd" {-Cast rElec rN+ Dex+7} (You found it in a treasure trove)
 60789 | Depths:3 | Noticed Saint Roka
 60792 | Depths:3 | Noticed Nikola
 60808 | Depths:3 | Killed Saint Roka
 60823 | Depths:3 | Killed Nikola
 61521 | Depths:3 | Received a gift from Okawaru
 61534 | Depths:3 | Reached skill level 15 in Dodging
 61564 | Depths:3 | Got a shimmering shield {god gift}
 61920 | Depths:3 | Identified the +4 shield of Claustrophobia {rC+ Str-5 SInv} (Okawaru gifted it to you on level 3 of the Depths)
 61929 | Depths:3 | Got a polished short sword
 62721 | Depths:3 | Found a one-way gate to the infinite horrors of the Abyss.
 62786 | Depths:4 | Found a gateway to a ziggurat.
 62790 | Depths:4 | Noticed Mennas
 62813 | Depths:3 | Killed Mennas
 62813 | Depths:3 | Reached XP level 26. HP: 250/258 MP: 24/24
 63231 | Depths:4 | Got a pair of shimmering gloves
 63242 | Depths:4 | Identified the cursed +0 pair of gloves of the Fiend {Dex+4} (You found it on level 4 of the Depths)
 63272 | Depths:4 | Found Ottuor Cael's Weapon Shoppe.
 63295 | Depths:4 | Identified the +2 short sword of Gitt {pierce, +Rage MP+9 Int-5} (You found it on level 3 of the Depths)
 63455 | Depths:4 | Received a gift from Okawaru
 63476 | Depths:4 | Got a pair of dazzling boots {god gift}
 63488 | Depths:4 | Identified the +0 pair of boots of the Swamp {rC- Int+7} (Okawaru gifted it to you on level 4 of the Depths)
 64196 | Depths:5 | Entered Level 5 of the Depths
 64288 | Depths:5 | Found a corrupted altar of Lugonu.
 64479 | Depths:5 | Found a gate to the Realm of Zot.
 64575 | Depths:5 | Reached skill level 27 in Long Blades
 64603 | Depths:5 | Noticed a juggernaut
 64612 | Depths:5 | Killed a juggernaut
 66243 | Zot:1    | Entered Level 1 of the Realm of Zot
 66267 | Zot:1    | Received a gift from Okawaru
 66272 | Zot:1    | Reached skill level 27 in Fighting
 66488 | Zot:1    | Reached skill level 5 in Stealth
 66552 | Zot:1    | Reached XP level 27. HP: 233/267 MP: 24/24
 66623 | Zot:1    | Got an ancient broad axe
 68138 | Zot:3    | Received a gift from Okawaru
 68319 | Zot:3    | Noticed an orb of fire
 68324 | Zot:3    | Gained mutation: You expend magic power (3 MP) to strengthen your wands. [an orb of fire]
 68333 | Zot:3    | Killed an orb of fire
 68338 | Zot:3    | Identified the Incunabulum of Flying Toxins
 69047 | Zot:3    | Noticed an orb of fire
 69057 | Zot:3    | Killed an orb of fire
 69084 | Zot:3    | Received a gift from Okawaru
 69960 | Zot:4    | Found a roughly hewn altar of Beogh.
 70408 | Zot:4    | Noticed an orb of fire
 70408 | Zot:4    | Gained mutation: You are frail. (-10% HP) [an orb of fire]
 70416 | Zot:4    | Gained mutation: You are very frail. (-20% HP) [an orb of fire]
 70418 | Zot:4    | Killed an orb of fire
 70499 | Zot:4    | Received a gift from Okawaru
 71176 | Zot:5    | Entered Level 5 of the Realm of Zot
 71197 | Zot:5    | Got a transparent great sword
 71539 | Zot:5    | Noticed an ancient lich
 71543 | Zot:5    | Killed an ancient lich
 71555 | Zot:5    | Noticed an ancient lich
 71608 | Zot:5    | Killed an ancient lich
 71611 | Zot:5    | Noticed an orb of fire
 71622 | Zot:5    | Killed an orb of fire
 71622 | Zot:5    | Received a gift from Okawaru
 71689 | Zot:5    | Noticed an orb of fire
 71694 | Zot:5    | Lost mutation: You are agile. (Dex +2) [an orb of fire]
 71695 | Zot:5    | Gained mutation: Your magical capacity is low. (-10% MP) [an orb of fire]
 71704 | Zot:5    | Killed an orb of fire
 71709 | Zot:5    | Noticed an orb of fire
 71717 | Zot:5    | Gained mutation: You are extremely frail. (-30% HP) [an orb of fire]
 71718 | Zot:5    | Noticed an orb of fire
 71724 | Zot:5    | Gained mutation: You occasionally shout uncontrollably at your foes. [an orb of fire]
 71727 | Zot:5    | Gained mutation: You are dopey. (Int -2) [an orb of fire]
 71728 | Zot:5    | Killed an orb of fire
 71744 | Zot:5    | Killed from afar by an orb of fire

Skill      XL: |  1  2  3  4  5  6  7  8  9 10 11 12 13 14 15 16 17 18 19 20 21 22 23 24 25 26 27 |
---------------+----------------------------------------------------------------------------------+-----
Fighting       | 4 5 6 7 9 10 11 12 13 14 15 16 17 18 20 21 23 24 25 27 | 27.0
Armour         | 4 5 6 7 9 11 12 13 14 15 16 17 18 19 20 24 | 24.5
Shields        | 4 5 6 8 9 11 13 14 16 18 20 21 23 25 26 27 | 27.0
Long Blades    | 3 4 5 7 9 11 12 13 14 15 16 17 18 19 20 21 22 24 25 26 27 | 27.0
Dodging        | 1 2 3 4 5 6 7 8 9 10 11 12 13 14 15 16 22 | 22.0
Stealth        | 1 2 3 4 5 |  5.7
Invocations    | 1 2 3 |  3.7
Evocations     | 1 2 3 4 |  4.0

Action                   |  1- 3 |  4- 6 |  7- 9 | 10-12 | 13-15 | 16-18 | 19-21 | 22-24 | 25-27 || total
-------------------------+-------+-------+-------+-------+-------+-------+-------+-------+-------++-------
Melee: Long sword        |    81 |   443 |   190 |   551 |  1172 |  1096 |  1916 |  1063 |       ||  6512
       Headbutt          |    10 |   129 |    39 |   133 |   398 |   404 |   777 |   705 |   664 ||  3259
       Scimitar          |       |       |       |       |       |       |       |   602 |  1655 ||  2257
Invok: Heroism           |       |       |     1 |     1 |       |     6 |     4 |     7 |     2 ||    21
Evoke: Wand              |       |       |       |       |     3 |       |    15 |    11 |     6 ||    35
  Use: Potion            |     1 |       |       |       |     6 |     7 |       |     2 |     4 ||    20
       Scroll            |       |     7 |     7 |     6 |    19 |     5 |     8 |     9 |    15 ||    76
 Stab: Distracted        |       |       |       |       |       |     1 |       |     1 |       ||     2
  Eat: Chunk             |       |     9 |     8 |    21 |    35 |    27 |    39 |    39 |    35 ||   213
       Fruit             |       |       |       |       |     4 |     2 |     7 |     3 |     9 ||    25
Armor: Scale mail        |    37 |    79 |       |       |       |       |       |       |       ||   116
       Ring mail         |       |       |    32 |       |       |       |       |       |       ||    32
       Chain mail        |       |       |    35 |   185 |   289 |   155 |   288 |   351 |   365 ||  1668
Dodge: Dodged            |    23 |    70 |    45 |   148 |   362 |   219 |   505 |   575 |   639 ||  2586
Block: Shield            |    44 |   101 |   107 |   237 |  1208 |   237 |       |       |       ||  1934
       Reflection        |       |       |     3 |    24 |    46 |   134 |   364 |   165 |   101 ||   837
       Buckler           |       |       |       |   129 |    18 |       |       |       |       ||   147
       Large shield      |       |       |       |       |       |  1019 |  2654 |  2404 |  2320 ||  8397
       Other             |       |       |       |       |       |     1 |       |       |       ||     1
       Rpst.: Long sword |     7 |    19 |    11 |    32 |    65 |    55 |    66 |    56 |       ||   311
       Scimitar          |       |       |       |       |       |       |       |    34 |    81 ||   115
